 Dungeon Crawl Stone Soup version 0.19.5 (webtiles) character file.

68788 jurikolo the Severer (level 14, 0/133 HPs)
             Began as a Minotaur Berserker on Apr 27, 2017.
             Was a High Priest of Trog.
             Slain by a wolf spider (9 damage)
             ... on level 2 of the Spider Nest.
             The game lasted 01:53:57 (21369 turns).

jurikolo the Severer (Minotaur Berserker)          Turns: 21369, Time: 01:53:57

Health: 0/133      AC: 11    Str: 25    XL:     14   Next: 88%
Magic:  15/15      EV: 17    Int:  9    God:    Trog [*****.]
Gold:   1231       SH:  0    Dex: 12    Spells: 0 memorised, 13 levels left

rFire  . . .     SeeInvis .     x - +9 battleaxe (venom)
rCold  . . .     Gourm    .     C - +3 chain mail {rPois}
rNeg   + . .     Faith    .     (shield currently unavailable)
rPois  +         Spirit   .     (helmet restricted)
rElec  .         Reflect  .     z - +2 cloak {MR+}
rCorr  .         Harm     +     q - +0 pair of gloves
MR     ++...                    F - +0 pair of boots
Stlth  ..........               s - amulet "Puygogyu" {Harm *Drain Int+5}
                                a - +5 ring of evasion
                                w - ring of positive energy

@: about to teleport, corroded
A: retaliatory headbutt, horns 2
a: Berserk, Trog's Hand, Brothers in Arms, Burn Spellbooks, Renounce Religion


You were on level 2 of the Spider Nest.
You worshipped Trog.
Trog was extremely pleased with you.
You were not hungry.

You visited 4 branches of the dungeon, and saw 18 of its levels.

You collected 1231 gold pieces.

Inventory:

Hand Weapons
 x - a +9 battleaxe of venom (weapon)
Armour
 q - a +0 pair of gloves (worn)
 z - a +2 cloak of magic resistance (worn)
 C - a +3 chain mail of poison resistance (worn)
 F - a +0 pair of boots (worn)
 G - a +0 plate armour of cold resistance
Jewellery
 a - a +5 ring of evasion (right hand)
 f - the ring "Nojeh" {rF+ Int+2}
   (You acquired it on level 6 of the Lair of Beasts)

   [ring of protection from fire]

   It affects your intelligence (+2).
   It protects you from fire.
 g - an uncursed ring of protection from magic
 s - the amulet "Puygogyu" (around neck) {Harm *Drain Int+5}
   (You acquired it on level 6 of the Lair of Beasts)

   [amulet of harm]

   It increases damage dealt and taken.
   It affects your intelligence (+5).
   It causes draining when unequipped.
 w - a ring of positive energy (left hand)
Wands
 r - a wand of lightning (3/15)
 y - a wand of polymorph (13/24)
 D - a wand of slowing (10/48)
 E - a wand of hasting (0/9)
 I - a wand of confusion (24/48)
 N - a wand of iceblast (4/15)
 T - a wand of flame (4/48)
 U - a wand of flame (35/48)
Scrolls
 d - 5 scrolls of remove curse
 e - 5 scrolls of fear
 k - 3 scrolls of teleportation
 t - 2 scrolls of fog
 A - 7 scrolls of magic mapping
 J - a scroll of brand weapon {unknown}
 O - 3 scrolls of immolation
 Z - a scroll of summoning
Potions
 c - 5 potions of might
 h - 3 potions of flight {unknown}
 i - 6 potions of berserk rage
 j - 5 potions of curing
 l - 2 potions of cancellation {unknown}
 m - a potion of heal wounds {unknown}
 n - 2 potions of haste {unknown}
 p - 5 potions of lignification {unknown}
 u - 2 potions of invisibility {unknown}
 P - a potion of resistance {unknown}
 V - a potion of magic {unknown}
 X - a potion of agility
Comestibles
 H - a bread ration
 K - 7 meat rations
 Q - 5 beef jerkies
 R - 6 fruits


   Skills:
 + Level 14.9 Fighting
 + Level 20.3 Axes
 + Level 14.4 Armour
 + Level 6.6 Dodging
 + Level 4.0 Stealth
 + Level 2.6 Evocations


You had 13 spell levels left.
You didn't know any spells.

Dungeon Overview and Level Annotations

Branches:
Dungeon (9/15)             Temple (0/1) D:7            Lair (6/6) D:9
  Swamp (1/4) Lair:2       Spider (2/4) Lair:3
  Slime: Lair:5-6       Orc: D:9-12

Altars:
Cheibriados
Elyvilon
Fedhas
Makhleb
Nemelex Xobeh
Qazlal
Sif Muna
Trog
Xom
Yredelemnul
The Shining One

Shops:
D:5 !   D:7 %

Annotations:
D:6 Duvessa
Lair:6 exclusion: 3 oklob plants


Innate Abilities, Weirdness & Mutations

You reflexively headbutt those who attack you in melee.
You have a pair of horns on your head.


Message History

The entropy weaver splashes around in the water.
You slice the entropy weaver!!
You kill the entropy weaver!
Trog accepts your kill.
Trog appreciates your killing of a magic user.
The jumping spider leaps!
You closely miss the wolf spider.
The jumping spider leaps! x2
You slash the wolf spider!
The wolf spider is poisoned.
Your headbutt misses the wolf spider.
The wolf spider is lightly wounded.
You kill the jumping spider!
Trog accepts your kill. The wolf spider hits you!
* * * LOW HITPOINT WARNING * * *
The wolf spider bites you but does no damage.
As you read the scroll of teleportation, it crumbles to dust.
You feel strangely unstable. The wolf spider hits you!
* * * LOW HITPOINT WARNING * * *
The wolf spider bites you!
You die...

.^...........≈...
....
#............#..≈
....
≈...†....##.#≈...
.....
##.........#####..
..... #.........##
#≈.
...(..#..s..^...#
##≈
......#§^(.#....##
#
.....§s†...#.....#
#@...#....##
#....#...####
##....##....≈# #
#.....#......#.##
#.....≈........≈#
#.....#.....^<#≈#
#.....#.......≈##
#.....#.^....###
##...##...#.##


You could see a wolf spider and a jumping spider.

Vanquished Creatures
  Frances (Lair:2)
  An orc warlord (D:9)
  2 entropy weavers
  8 hydras
  3 catoblepae
  An anaconda (Lair:6)
  Erica (D:9)
  A deep troll shaman (Lair:6)
  6 death yaks (Lair:6)
  The ghost of humperndinck the Arsonist, a novice DrFE of Ashenzari (D:7)
  A swamp dragon (Swamp:1)
  Pikel (D:7)
  A lindwurm (Lair:6)
  5 orb spiders
  A manticore (D:8)
  11 wolf spiders
  Psyche (D:9)
  5 elephants (Lair:6)
  13 spiny frogs
  2 torpor snails
  5 black mambas
  2 rime drakes
  4 komodo dragons
  6 demonic crawlers
  A troll (D:6)
  2 polar bears (Lair:6)
  7 jumping spiders
  4 slime creatures (Swamp:1)
  A hornet (Spider:1)
  14 blink frogs
  A tyrant leech (Swamp:1)
  9 hippogriffs
  20 redbacks
  10 tarantellas
  A human (D:7)
  3 hogs (D:7)
  A basilisk (Lair:3)
  3 wraiths (Lair:5)
  4 vampire mosquitoes (Swamp:1)
  3 wyverns
  40 yaks
  Eustachio (D:6)
  A swamp worm (Swamp:1)
  18 wargs (D:9)
  9 water moccasins
  6 porcupines
  8 orc warriors (D:9)
  A black bear (D:6)
  2 ice beasts (D:6)
  2 sky beasts
  2 phantoms (D:7)
  24 wolves
  2 ogres (D:8)
  7 centaurs
  10 crocodiles
  12 bullfrogs
  3 scorpions
  Dowan (D:6)
  5 wights (D:8)
  6 crimson imps
  2 howler monkeys (D:5)
  7 hounds
  A bullfrog zombie (D:8)
  A jelly (D:8)
  Crazy Yiuf (D:6)
  4 orc priests
  4 bullfrog skeletons
  8 orc wizards
  2 iguanas (D:7)
  6 worker ants
  6 hell rats (Lair:2)
  A hound zombie (D:8)
  3 gnolls (D:7)
  14 adders
  A shadow imp (D:8)
  3 oozes
  2 worms
  2 dart slugs (D:1)
  4 leopard geckos
  49 orcs
  6 giant cockroaches
  6 goblins
  6 hobgoblins
  16 jackals
  4 quokkas
  3 ball pythons
  A ball python skeleton (D:4)
  5 bats
  8 frilled lizards
  6 kobolds
  A leopard gecko skeleton (D:4)
  A leopard gecko zombie (D:8)
  A quokka skeleton (D:5)
  5 rats
  5 fungi
  12 plants
534 creatures vanquished.

Vanquished Creatures (others)
  Josephine (Lair:5)
  3 yaks (D:9)
  A slave (D:7)
  A bullfrog (D:7)
  A jelly (D:9)
  An iguana (D:7)
  2 jackals (D:7)
  A ball python (D:7)
  3 bushes
  14 fungi
  25 plants
53 creatures vanquished.

Grand Total: 587 creatures vanquished

Notes
Turn   | Place    | Note
-------+----------+-------------------------------------------
     0 | D:1      | jurikolo the Minotaur Berserker began the quest for the Orb.
     0 | D:1      | Reached XP level 1. HP: 19/19 MP: 0/0
    68 | D:1      | Reached XP level 2. HP: 18/27 MP: 1/1
    91 | D:1      | Reached skill level 4 in Axes
   472 | D:1      | Reached ** piety under Trog
   503 | D:1      | Reached XP level 3. HP: 33/33 MP: 2/2
   836 | D:2      | Reached XP level 4. HP: 40/40 MP: 3/3
  1025 | D:2      | Reached skill level 5 in Axes
  1331 | D:3      | Reached XP level 5. HP: 47/47 MP: 4/4
  1875 | D:4      | Reached skill level 5 in Fighting
  1875 | D:4      | Reached skill level 6 in Axes
  1984 | D:4      | Reached XP level 6. HP: 51/56 MP: 5/5
  2081 | D:4      | Reached *** piety under Trog
  2785 | D:4      | Reached skill level 7 in Axes
  2858 | D:5      | Entered Level 5 of the Dungeon
  3105 | D:5      | Found a blossoming altar of Fedhas.
  3221 | D:5      | Noticed a sky beast
  3235 | D:5      | Killed a sky beast
  3235 | D:5      | Reached skill level 5 in Armour
  3235 | D:5      | Reached XP level 7. HP: 49/61 MP: 6/6
  3483 | D:5      | Reached skill level 8 in Axes
  3485 | D:5      | Found Gifor's Distillery.
  3797 | D:6      | Found a burning altar of Makhleb.
  3819 | D:6      | Found a shimmering altar of Xom.
  3913 | D:6      | Reached XP level 8. HP: 49/70 MP: 7/7
  3938 | D:6      | Noticed a troll
  3984 | D:6      | Killed a troll
  3984 | D:6      | Reached skill level 9 in Axes
  4053 | D:6      | Reached **** piety under Trog
  4257 | D:6      | Reached skill level 1 in Stealth
  4315 | D:6      | Reached skill level 10 in Axes
  4412 | D:6      | Found a runed door.
  4416 | D:6      | Noticed Crazy Yiuf
  4422 | D:6      | Killed Crazy Yiuf
  4540 | D:6      | Found a glowing golden altar of the Shining One.
  4571 | D:6      | Noticed Eustachio
  4577 | D:6      | Killed Eustachio
  4597 | D:6      | Noticed Duvessa
  4598 | D:6      | Noticed Dowan
  4698 | D:7      | Noticed humperndinck's ghost (novice DrFE)
  4704 | D:7      | Reached XP level 9. HP: 74/78 MP: 8/8
  4725 | D:7      | Killed humperndinck's ghost
  4725 | D:7      | Reached skill level 11 in Axes
  4850 | D:7      | Noticed Pikel
  4860 | D:7      | Killed Pikel
  4924 | D:7      | Reached skill level 12 in Axes
  5079 | D:7      | Reached XP level 10. HP: 87/88 MP: 9/9
  5096 | D:7      | Found a basalt altar of Yredelemnul.
  5163 | D:7      | Found a staircase to the Ecumenical Temple.
  5512 | D:7      | Found Nibiqit's Food Shoppe.
  5654 | D:7      | Found a white marble altar of Elyvilon.
  5831 | D:6      | Killed Dowan
  5896 | D:8      | Found a sparkling altar of Nemelex Xobeh.
  5996 | D:8      | Found a bloodstained altar of Trog.
  6058 | D:8      | Noticed a manticore
  6071 | D:8      | Killed a manticore
  6640 | D:8      | Found a snail-covered altar of Cheibriados.
  6858 | D:8      | Found a deep blue altar of Sif Muna.
  7185 | D:8      | Reached ***** piety under Trog
  7185 | D:8      | Reached skill level 10 in Armour
  7334 | D:9      | Reached skill level 5 in Dodging
  7363 | D:9      | Reached skill level 13 in Axes
  7644 | D:9      | Noticed Psyche
  7650 | D:9      | Killed Psyche
  7703 | D:9      | Found a stormy altar of Qazlal.
  7731 | D:9      | Found a staircase to the Lair.
  7805 | D:9      | Noticed Erica
  7820 | D:9      | Killed Erica
  7951 | D:9      | Reached XP level 11. HP: 99/99 MP: 10/10
  7972 | D:9      | Reached skill level 10 in Fighting
  7972 | D:9      | Reached skill level 14 in Axes
  8268 | D:9      | Noticed an orc warlord
  8290 | D:9      | Killed an orc warlord
  8370 | D:9      | Received a gift from Trog
  9216 | Lair:1   | Entered Level 1 of the Lair of Beasts
  9279 | Lair:1   | Reached skill level 15 in Axes
  9939 | Lair:2   | Found a staircase to the Swamp.
 10338 | Lair:2   | Noticed an eight-headed hydra
 10766 | Lair:1   | Killed a ten-headed hydra
 11119 | Lair:2   | Reached XP level 12. HP: 105/110 MP: 11/11
 11175 | Lair:2   | Reached skill level 16 in Axes
 11591 | Swamp:1  | Entered Level 1 of the Swamp
 12241 | Swamp:1  | Received a gift from Trog
 12266 | Swamp:1  | Noticed Frances
 12965 | Lair:2   | Killed Frances
 12965 | Lair:2   | Reached skill level 1 in Evocations
 13245 | Lair:3   | Noticed a five-headed hydra
 13255 | Lair:3   | Killed a nine-headed hydra
 13255 | Lair:3   | Reached skill level 17 in Axes
 13719 | Lair:3   | Found a hole to the Spider Nest.
 13997 | Lair:3   | Identified a scroll of acquirement
 14551 | Lair:4   | Got a polished scale mail
 14605 | Lair:4   | Reached XP level 13. HP: 112/119 MP: 13/13
 14756 | Lair:4   | Received a gift from Trog
 15310 | Lair:5   | Reached skill level 18 in Axes
 15530 | Lair:5   | Noticed Josephine
 15547 | Lair:5   | Killed Josephine
 16278 | Lair:6   | Entered Level 6 of the Lair of Beasts
 17003 | Lair:6   | Reached skill level 19 in Axes
 17120 | Lair:6   | Received a gift from Trog
 17321 | Lair:6   | Got a heavily runed silver ring
 17323 | Lair:6   | Identified the ring "Nojeh" {rF+ Int+2} (You acquired it on level 6 of the Lair of Beasts)
 17327 | Lair:6   | Got a fine ruby amulet
 17328 | Lair:6   | Identified the amulet "Puygogyu" {Harm *Drain Int+5} (You acquired it on level 6 of the Lair of Beasts)
 17337 | Lair:6   | Reached XP level 14. HP: 105/129 MP: 14/14
 17751 | Lair:6   | HP: 2/130 [ten-headed hydra (6)]
 18732 | Spider:1 | Entered Level 1 of the Spider Nest
 20102 | Spider:1 | Noticed an entropy weaver
 20111 | Spider:1 | Killed an entropy weaver
 20111 | Spider:1 | Received a gift from Trog
 20644 | Spider:2 | Reached skill level 20 in Axes
 20708 | Spider:2 | Identified the Guide on Creative Weightlessness
 21350 | Spider:2 | Noticed an entropy weaver
 21366 | Spider:2 | Killed an entropy weaver
 21369 | Spider:2 | Slain by a wolf spider

Skill      XL: |  1  2  3  4  5  6  7  8  9 10 11 12 13 14 |
---------------+-------------------------------------------+-----
Axes           | 4 5 6 7 8 10 12 13 15 17 19 20 | 20.3
Fighting       | 4 5 6 8 9 11 12 13 14 | 14.9
Armour         | 3 4 5 7 9 10 11 12 13 14 | 14.4
Dodging        | 3 4 5 6 |  6.6
Stealth        | 1 3 4 |  4.0
Evocations     | 2 |  2.6

Action                   |  1- 3 |  4- 6 |  7- 9 | 10-12 | 13-15 || total
-------------------------+-------+-------+-------+-------+-------++-------
Melee: Hand axe          |    78 |   194 |   239 |   164 |       ||   675
       Headbutt          |    11 |    29 |    54 |   137 |   115 ||   346
       Battleaxe         |       |       |       |   450 |   448 ||   898
Invok: Berserk           |       |     1 |     2 |     7 |     1 ||    11
Evoke: Wand              |       |       |       |    16 |    17 ||    33
  Use: Scroll            |       |       |       |    27 |    12 ||    39
       Potion            |       |       |       |     2 |     2 ||     4
 Stab: Petrified         |       |       |       |       |    12 ||    12
       Petrifying        |       |       |       |       |     3 ||     3
  Eat: Bread ration      |       |     2 |     1 |     2 |     3 ||     8
       Chunk             |       |     1 |     1 |    10 |     4 ||    16
       Meat ration       |       |       |     1 |       |       ||     1
       Beef jerky        |       |       |       |     4 |       ||     4
       Pizza             |       |       |       |     7 |     2 ||     9
Armor: Scale mail        |     3 |       |       |       |       ||     3
       Chain mail        |    35 |   108 |   122 |   291 |   234 ||   790
Dodge: Dodged            |    33 |    67 |    94 |   277 |   334 ||   805
